 Dungeon Crawl Stone Soup version 0.29-a0-982-gaed3a0c8d8 (webtiles) character file.

Game seed: 4737234724346053427

33 mathmaestro the Grave Robber (level 3, 26/26 HPs)
             Began as a Demonspawn Necromancer on Aug 1, 2022.
             Quit the game on level 2 of the Dungeon.
             The game lasted 00:02:40 (995 turns).

mathmaestro the Grave Robber (DsNe)                  Turns: 995, Time: 00:02:41

Health: 26/26      AC:  9    Str:  8    XL:     3   Next: 12%
Magic:  0/6        EV: 10    Int: 18    God:
Gold:   54         SH:  4    Dex: 13    Spells: 5/6 levels left

rFire   . . .      SeeInvis .   e - +0 dagger
rCold   + . .      Faith    .   (no shield)
rNeg    . . .      Spirit   .   h - +4 ring mail
rPois   .          Reflect  .   (no helmet)
rElec   .          Harm     .   (no cloak)
rCorr   .          Rampage  .   (no gloves)
Will    .....                   (no boots)
Stlth   +.........              (no amulet)
HPRegen 0.08/turn               d - ring of protection from cold
MPRegen 0.10/turn               g - ring of flight

@: flying
A: condensation shield, weakness stinger 1
a: no special abilities


You were on level 2 of the Dungeon.
You visited 1 branch of the dungeon, and saw 2 of its levels.

You collected 54 gold pieces.

Inventory:

Hand Weapons
 e - a +0 dagger (weapon)
Armour
 h - a +4 ring mail (worn)
Jewellery
 d - a ring of protection from cold (left hand)
 g - a ring of flight (right hand)
Scrolls
 a - 2 scrolls of identify {unknown}
Potions
 b - a potion of magic
 c - 2 potions of degeneration {unknown}
 f - 3 potions of lignification {unknown}


   Skills:
 + Level 1.0 Fighting
 + Level 0.7 Armour
 - Level 2.0 Dodging
 - Level 2.0 Stealth
 + Level 2.4 Spellcasting
 + Level 4.6 Necromancy


You had 5 spell levels left.
You knew the following spells:

 Your Spells              Type           Power      Damage    Failure   Level
a - Necrotise             Necr           72%        1d7       8%          1

Your spell library contained the following spells:

 Spells                   Type           Power      Damage    Failure   Level
 Vampiric Draining        Necr           18%        2d7       24%         3
 Animate Dead             Necr           18%        N/A       61%         4
 Dispel Undead            Necr           18%        3d11      61%         4
 Static Discharge         Conj/Air       2%         3-4/arc   63%         2
 Agony                    Necr           18%        N/A       91%         5
 Sticky Flame             Conj/Fire      2%         2d3       99%         4


Dungeon Overview and Level Annotations

Branches:
Dungeon (2/15)

Altars:


Innate Abilities, Weirdness & Mutations

A meltable shield of frost defends you. (SH +4)
You have a small tail.


Message History

You see here 10 gold pieces.
Casting: Necrotise (safe; 10% risk of failure)
Confirm with . or Enter, or press ? or * to list all spells.
Aiming: Necrotise (safe; 10% risk of failure)
Press: ? - help, Shift-Dir - straight line, f - gnoll
Aim: a gnoll, wielding a +0 halberd (chance to affect: 80%)
The gnoll writhes in agony.
A gnoll comes into view. It is wielding a +0 flail.
Casting: Necrotise (safe; 10% risk of failure)
Confirm with . or Enter, or press ? or * to list all spells.
Aiming: Necrotise (safe; 10% risk of failure)
Press: ? - help, Shift-Dir - straight line, f/p - gnoll
Aim: a gnoll, wielding a +0 halberd (lightly wounded, chance to affect: 80%)
The gnoll barely resists.
Casting: Necrotise (safe; 10% risk of failure)
Confirm with . or Enter, or press ? or * to list all spells.
Aiming: Necrotise (safe; 10% risk of failure)
Press: ? - help, Shift-Dir - straight line, f/p - gnoll
Aim: a gnoll, wielding a +0 halberd (lightly wounded, chance to affect: 80%)
The gnoll writhes in agony.
Casting: Necrotise (safe; 10% risk of failure)
Confirm with . or Enter, or press ? or * to list all spells.
Aiming: Necrotise (safe; 10% risk of failure)
Press: ? - help, Shift-Dir - straight line, f/p - gnoll
Aim: a gnoll, wielding a +0 halberd (heavily wounded, chance to affect: 80%)
The gnoll writhes in agony.
The gnoll closely misses you.
Casting: Necrotise (safe; 10% risk of failure)
Confirm with . or Enter, or press ? or * to list all spells.
Aiming: Necrotise (safe; 10% risk of failure)
Press: ? - help, Shift-Dir - straight line, f/p - gnoll
Aim: a gnoll, wielding a +0 halberd (severely wounded, chance to affect: 80%)
The gnoll writhes in agony!
You kill the gnoll!
Your Fighting skill increases to level 1!
You have reached level 3!
Your experience leads to an increase in your attributes!
Increase (S)trength, (I)ntelligence, or (D)exterity?
You feel clever. x2; Your demonic ancestry asserts itself...
Frost condenses into a shield before you.
Are you sure you want to abandon this character and quit the game? (Confirm with "yes".)

#..#.# # #..#.# .#
..#.##. ### ......
##...#### #....
...#.g.@# #.#.#
#....##.####.#.#
#.#............#
#..##.#.##.#.# #
#####.#.##.#.#########
#.##.........#..........
#.......#.####..########
#.# ####.####.# #..#
###.#### #...# #.. ....#


You could see a gnoll.

Vanquished Creatures
  An adder (D:2)
  A gnoll (D:2)
  A bat (D:2)
  2 endoplasms
  2 hobgoblins
  2 quokkas (D:2)
  A frilled lizard (D:1)
  A kobold (D:1)
  4 rats
15 creatures vanquished.

Notes
Turn   | Place    | Note
-------+----------+-------------------------------------------
     0 | D:1      | mathmaestro the Demonspawn Necromancer began the quest for
                  | the Orb.
     0 | D:1      | Reached XP level 1. HP: 13/13 MP: 3/3
   248 | D:1      | Found a faded altar of an unknown god.
   689 | D:2      | Gained mutation: You have a small tail. [demonic ancestry]
   689 | D:2      | Reached XP level 2. HP: 20/20 MP: 1/5
   995 | D:2      | Reached skill level 1 in Fighting
   995 | D:2      | Gained mutation: A meltable shield of frost defends you.
                  | (SH +4) [demonic ancestry]
   995 | D:2      | Reached XP level 3. HP: 26/26 MP: 0/6
   995 | D:2      | Quit the game

Illustrated notes

Levels and vault maps discovered:
D:1:      grunt_arrival_lava_bath, layout_rooms,
          chequers_ecumenical_altar_island, hangedman_decor_push
D:2:      layout_loops_cross

Skill      XL: |  1  2 |
---------------+-------+-----
Stealth        | 2 |  2.0
Dodging        | 2 |  2.0
Fighting       | 1 |  1.0
Armour         | |  0.7
Spellcasting   | |  2.4
Necromancy     | |  4.6

Action                   || total
-------------------------++-------
Melee: Dagger            ||     1
 Cast: Necrotise         ||    31
Armor: Ring mail         ||     3
Dodge: Dodged            ||     5

Table legend: (Time is in decaauts)
 A = Elapsed time spent in this place.
 B = Non-inter-level travel time spent in this place.
 C = Inter-level travel time spent in this place.
 D = Time resting spent in this place.
 E = Time spent auto-exploring this place.
 F = Levels seen in this place.
 G = Mean time per level.
                   A        B        C        D        E       F      G
               +--------+--------+--------+--------+--------+-----+--------+
         Total |    999 |    962 |     37 |     58 |    712 |   2 |  499.5 |
       Dungeon |    999 |    962 |     37 |     58 |    712 |   2 |  499.5 |
               +--------+--------+--------+--------+--------+-----+--------+

Top non-repeatable levels by time:
     D:1: 613 daAuts
     D:2: 386 daAuts
